 Dungeon Crawl Stone Soup version 0.30-a0-6-g7c9e10e132 (webtiles) character file.

Game seed: 7331804384766290472

135231 Setbun the Hoplite (level 16, -4/157 HPs)
             Began as a Minotaur Fighter on Aug 22, 2022.
             Was the Champion of Okawaru.
             Slain by an Ice Fiend (5 damage)
             ... created by a Zot trap
             ... while paralysed by a Zot trap
             ... on level 3 of the Shoals.
             The game lasted 01:08:20 (25099 turns).

Setbun the Hoplite (Minotaur Fighter)              Turns: 25099, Time: 01:08:21

Health: -4/157     AC: 22    Str: 38      XL:     16   Next: 64%
Magic:  0/15       EV:  2    Int:  0 (5)  God:    Okawaru [******]
Gold:   1668       SH:  0    Dex: 10      Spells: 15/15 levels left

rFire   . . .      SeeInvis +    r - +7 mace "Miffeph" {chaos, rPois rN++ rCorr SInv}
rCold   . . .      Faith    .    V - +0 tower shield
rNeg    + + .      Spirit   .    O - +0 swamp dragon scales
rPois   +          Reflect  .    m - +0 hat
rElec   .          Harm     .    t - +2 cloak
rCorr   +          Rampage  .    X - +2 pair of gloves {Str+3}
Will    +....                    M - +1 pair of boots
Stlth   ..........               h - amulet of regeneration
HPRegen 1.16/turn                y - +6 ring of strength
MPRegen 0.14/turn                b - ring of see invisible

@: paralysed, spiked, mesmerised, slowed, lost intelligence, studying Shields,
unable to read, very slow
A: horns 2, retaliatory headbutt
a: Renounce Religion, Heroism, Finesse, Duel


You were on level 3 of the Shoals.
You worshipped Okawaru.
Okawaru was exalted by your worship.
You visited 5 branches of the dungeon, and saw 26 of its levels.
You also visited: Sewer.

You collected 2307 gold pieces.
You spent 639 gold pieces at shops.

Inventory:

Hand Weapons
 a - a +0 spectral flail
 r - the +7 mace "Miffeph" (weapon) {chaos, rPois rN++ rCorr SInv}
   (You found it on level 3 of the Lair of Beasts)

   Each time it hits an enemy it has a different, random effect.
   rPois:     It protects you from poison.
   rN:        It greatly protects you from negative energy.
   SInv:      It lets you see invisible.
   rCorr:     It protects you from acid and corrosion.
 F - a +1 eveningstar of protection
 N - a +1 vorpal mace
Missiles
 x - 13 throwing nets (quivered)
Armour
 m - a +0 hat (worn)
 t - a +2 cloak (worn)
 u - a scarf of repulsion
 M - a +1 pair of boots (worn)
 O - +0 swamp dragon scales (worn)
 S - a +3 ring mail of cold resistance
 V - a +0 tower shield (worn)
 X - a +2 pair of gloves of strength (worn)
 Z - a scarf of invisibility
Jewellery
 b - a ring of see invisible (right hand)
 c - a ring of ice
 h - an amulet of regeneration (around neck)
 n - an amulet of guardian spirit
 q - a ring of protection from cold
 y - a +6 ring of strength (left hand)
 E - an amulet of the acrobat
 G - a ring of protection from cold
 J - a ring of resist corrosion
 P - a ring of fire
 Q - the ring "Acydull" {Fire Drain Str+3 Dex+3 Stlth+}
   (You found it on level 11 of the Dungeon)

   [ring of fire]

   It enhances your fire magic.
   Str:       It affects your strength (+3).
   Dex:       It affects your dexterity (+3).
   rF:        It protects you from fire.
   rC:        It makes you vulnerable to cold.
   Drain:     It drains your maximum health when unequipped.
   Stlth:     It makes you more stealthy.
Wands
 z - a wand of paralysis (4)
 I - a wand of mindburst (11)
 T - a wand of flame (18)
 Y - a wand of iceblast (10)
Scrolls
 e - 10 scrolls of teleportation
 k - 3 scrolls of blinking
 l - 3 scrolls of magic mapping
 o - a scroll of fog
 s - a scroll of identify
 v - 4 scrolls of amnesia
 A - 2 scrolls of poison
 C - 3 scrolls of fear
 D - a scroll of silence
 U - 2 scrolls of brand weapon
Potions
 d - 8 potions of might
 f - a potion of magic
 g - 4 potions of brilliance
 i - 7 potions of curing
 p - 2 potions of ambrosia
 B - 2 potions of resistance
 H - 3 potions of haste
 K - 3 potions of flight
 L - a potion of berserk rage
 R - 3 potions of mutation
 W - 2 potions of cancellation


   Skills:
 + Level 18.0 Fighting
 + Level 15.4 Maces & Flails
 - Level 15.4 Armour
 + Level 16.7 Dodging
 + Level 21.4 Shields


You had 15 spell levels left.
You didn't know any spells.
Your spell library contained the following spells:

 Spells                   Type           Power      Damage    Failure   Level
 Apportation              Tloc           0%         N/A       86%         1
 Beastly Appendage        Tmut           0%         N/A       86%         1
 Foxfire                  Conj/Fire      0%         2x1d4     86%         1
 Freeze                   Ice            0%         1d3       86%         1
 Necrotise                Necr           0%         1d4       86%         1
 Sandblast                Erth           0%         2d4       86%         1
 Blink                    Tloc           0%         N/A       94%         2
 Ensorcelled Hibernation  Hex/Ice        0%         N/A       94%         2
 Passwall                 Tmut/Erth      0%         N/A       94%         2
 Conjure Flame            Conj/Fire      0%         6-21      99%         3
 Frozen Ramparts          Ice            0%         1d1       99%         3
 Inner Flame              Hex/Fire       0%         N/A       99%         3
 Spider Form              Tmut/Pois      0%         N/A       99%         3
 Stone Arrow              Conj/Erth      0%         3d7       99%         3
 Swiftness                Air            0%         N/A       99%         3
 Vampiric Draining        Necr           0%         2d6       99%         3
 Anguish                  Hex/Necr       0%         N/A       100%        4
 Flame Wave               Conj/Fire      0%         2d4       100%        4
 Hailstorm                Conj/Ice       0%         3d3       100%        4
 Ice Form                 Ice/Tmut       0%         N/A       100%        4
 Passage of Golubria      Tloc           0%         N/A       100%        4
 Petrify                  Tmut/Erth      0%         N/A       100%        4
 Agony                    Necr           0%         N/A       100%        5
 Freezing Cloud           Conj/Ice/Air   0%         6-21      100%        5
 Manifold Assault         Tloc           0%         N/A       100%        5
 Metabolic Englaciation   Hex/Ice        0%         N/A       100%        5
 Yara's Violent Unravell  Hex/Tmut       0%         3d3       100%        5
 Statue Form              Tmut/Erth      0%         N/A       100%        6
 Ozocubu's Refrigeration  Ice            0%         4d7       100%        7
 Storm Form               Tmut/Air       0%         N/A       100%        7
 Chain Lightning          Conj/Air       0%         N/A       100%        9
 Death's Door             Necr           0%         N/A       100%        9
 Fire Storm               Conj/Fire      0%         5d1       100%        9
 Shatter                  Erth           0%         3d5*      100%        9
 Summon Small Mammal      Summ           Unusable   N/A       N/A         1
 Tukima's Dance           Hex            Unusable   N/A       N/A         3
 Animate Dead             Necr           Unusable   N/A       N/A         4
 Summon Ice Beast         Ice/Summ       Unusable   N/A       N/A         4

Dungeon Overview and Level Annotations

Branches:
Dungeon (15/15)            Temple (1/1) D:4            Lair (5/5) D:8
 Shoals (3/4) Lair:3       Spider (0/4) Lair:2        Slime (0/5) Lair:5
    Orc (2/2) D:9             Elf (0/3) Orc:2        Vaults (0/5) D:14
 Depths (0/4) D:15          Sewer (visited)

Altars:
Ashenzari
Cheibriados
Dithmenos
Elyvilon
Fedhas
Gozag
Hepliaklqana
Kikubaaqudgha
Makhleb
Nemelex Xobeh
Okawaru
Qazlal
Ru
Sif Muna
Trog
Uskayaw
Vehumet
Wu Jian
Xom
Jiyva

Shops:
D:2 *   D:7 **   Orc:2 ![*[   Shoals:2 ?

Portals:
Abyss: D:3

Annotations:
D:10 2 transporters, Newt's ghost, journeyman DsGl
D:14 4 runed translucent doors
Shoals:3 Heluore's ghost, adept DsGl


Innate Abilities, Weirdness & Mutations

You have a pair of horns on your head.
You reflexively headbutt those who attack you in melee.


Message History

The torrent of water misses you.
The torrent of water hits the sea snake.
The sea snake is knocked back by the torrent of water.
The wave splashes down.
You block the sea snake's attack.
The merfolk avatar chants its luring song.
Heluore's ghost hits you but does no damage.
You hear a loud "Zot"!
The power of Zot is invoked against you!
You suddenly feel drained of magical energy!
The manticore bites you but does no damage.
The manticore misses you. The manticore closely misses you.
The merfolk siren chants its luring song.
You block the sea snake's attack.
The Ice Fiend calls on the powers of darkness!
The sea snake convulses!
The manticore convulses!
Your body is wracked with pain!
* * * LOW HITPOINT WARNING * * *
The sea snake convulses!
The merfolk aquamancer convulses!
The merfolk siren convulses!
The sea snake convulses!
The manticore convulses!
The merfolk aquamancer convulses!
The merfolk aquamancer closely misses you.
You furiously retaliate!
You headbutt the merfolk aquamancer!
The merfolk aquamancer casts a spell.
The merfolk aquamancer blinks!
The sea snake misses you. You furiously retaliate!
You headbutt the sea snake!
The manticore bites you but does no damage.
The manticore closely misses you. You block the manticore's attack.
You hear a loud "Zot"!
The power of Zot is invoked against you!
You suddenly lose the ability to move!
Heluore's ghost hits you but does no damage.
The merfolk avatar chants its luring song.
The sea snake bites you.
* * * LOW HITPOINT WARNING * * *
The sea snake bites you.
* * * LOW HITPOINT WARNING * * *
The merfolk siren chants its luring song.
The Ice Fiend claws you but does no damage.
The Ice Fiend claws you.
You die...

........## #^~^~....^~^#~~~≈≈≈≈≈
..(....## ###.^~#.#.#.~~#.~~~≈≈≈≈
...##.## ##.#8.^...^~~.8#.~~~≈≈≈≈
#..##.# #.P#####'''#####.~~~~≈≈≈
####### #.......~~~~^....~~~~~≈≈
...## #......^~^~^~.m§..~~~~~~
....######....)^.H~~~~~...~~~~~~~
.~~.##....P..~^1WS^~^~^...~~≈≈≈~~
.......>.~.~~~~S@mm~~~~...~~≈≈≈≈≈
..##.....~~~~~§SH~PP~~~~..~≈≈≈≈≈≈
..##.~~~~~~~~~~..~P~~P~~~~~≈≈≈≈≈~
.....~~~~~~P~~P~~PP~~~~~~~≈≈≈≈~..
......~≈≈≈≈~m~~~~P~~~P~~~≈≈≈≈~..#
......~≈≈≈≈≈≈~~~~~~P~~~~≈≈≈≈~...#
...~~~~≈≈≈≈≈≈≈≈~~P~~~~P~≈≈≈≈~..##
#....~≈≈≈≈≈≈≈≈≈≈~~~≈≈~~~≈≈≈≈....#
#....~≈≈≈≈≈≈≈≈≈≈~~~~~~~~~~~.....#


You could see an Ice Fiend, a merfolk avatar (mesmerising), 3 sea snakes, 2
merfolk aquamancers, 2 manticores, a merfolk siren (mesmerising) and Heluore's
ghost.

Vanquished Creatures
  2 krakens (Shoals:3)
  Roxanne (Shoals:1)
  Ilsuiw (Shoals:3)
  A fire giant (D:15)
  3 slime creatures (D:12)
  Louise (Shoals:2)
  A spark wasp (shapeshifter) (D:11)
  2 merfolk impalers (Shoals:1)
  2 merfolk javelineers (Shoals:3)
  Josephine (D:10)
  2 vault guards (D:14)
  10 hydras
  5 boulder beetles
  3 catoblepae
  6 centaur warriors
  4 two-headed ogres
  2 merfolk aquamancers
  A death knight (D:14)
  3 tengu warriors
  2 merfolk avatars (Shoals:3)
  A satyr (Shoals:1)
  An orc high priest (Orc:2)
  The ghost of Underfrisk the Fighter, a novice NaWn of Hepliaklqana (D:8)
  A death drake (Shoals:1)
  A goliath frog (Lair:5)
  4 sea snakes
  9 orc knights
  A wizard (D:14)
  10 harpies (Shoals:2)
  A mana viper (shapeshifter) (Orc:2)
  3 deep elf pyromancers
  A wolf spider (shapeshifter) (D:15)
  18 fauns
  2 orc sorcerers
  16 ugly things
  7 manticores
  A wolf spider (D:11)
  7 cyclopes
  7 black mambas
  14 elephants
  15 cane toads
  10 merfolk sirens
  7 water nymphs
  A guardian serpent (shapeshifter) (D:13)
  2 rime drakes
  7 komodo dragons
  An unseen horror (D:10)
  A rime drake (shapeshifter) (Shoals:1)
  Maggie (D:7)
  Psyche (D:10)
  A kobold demonologist (D:12)
  An efreet (D:14)
  2 tengu conjurers
  2 freezing wraiths (D:14)
  A troll (shapeshifter) (D:15)
  3 polar bears
  5 trolls
  A hornet (shapeshifter) (D:14)
  3 wind drakes
  2 hornets
  21 merfolk
  2 tyrant leeches (Lair:5)
  A raiju (D:12)
  34 blink frogs
  4 dream sheep
  2 small abominations (D:3)
  2 centaur simulacra
  A shadow (D:11)
  3 wyverns
  A spriggan (Lair:4)
  The ghost of Setbun the Slicer, an amateur KoBr (D:4)
  A jumping spider (Lair:2)
  10 water elementals
  7 wraiths
  3 basilisks
  A basilisk (shapeshifter) (D:15)
  4 steam dragons
  52 yaks
  12 vampire mosquitoes
  2 acid dragons (D:10)
  A redback (Lair:2)
  9 wargs
  9 water moccasins
  The ghost of hgbash the Sneak, an amateur SpVM of Vehumet (D:4)
  41 orc warriors
  3 ice beasts
  5 ogres
  5 black bears
  7 centaurs
  14 wolves
  A phantom (D:5)
  3 kobold brigands
  Blork the orc (D:4)
  A gnoll sergeant (D:11)
  23 bullfrogs
  2 scorpions
  6 wights
  13 killer bees
  The ghost of Spectrina the Magician, a weakling DjVM (D:3)
  4 howler monkeys
  7 electric eels
  4 jellies
  10 orc priests
  A gnoll bouda (D:9)
  4 hounds
  19 orc wizards
  4 iguanas
  11 hell rats
  Robin (D:4)
  26 gnolls
  5 adders
  2 shadow imps
  13 white imps
  A howler monkey simulacrum (D:10)
  An ufetubus (D:10)
  2 worms (D:3)
  2 dart slugs
  74 orcs
  18 ball pythons
  6 bats
  19 endoplasms
  12 giant cockroaches
  12 goblins
  14 hobgoblins
  11 jackals
  12 kobolds
  10 quokkas
  12 frilled lizards
  6 rats
  A bush (Lair:5)
  8 tentacles (Shoals:3)
868 creatures vanquished.

Vanquished Creatures (others)
  A vault guard (D:14)
  A faun (Shoals:1)
  A dream sheep (Shoals:1)
  A dart slug (D:1)
  An orc (D:10)
  9 bushes (Lair:5)
  40 fungi
  297 plants
  20 tentacles (Shoals:3)
  6 withered plants (D:4)
377 creatures vanquished.

Grand Total: 1245 creatures vanquished

Notes
Turn   | Place    | Note
-------+----------+-------------------------------------------
     0 | D:1      | Setbun the Minotaur Fighter began the quest for the Orb.
     0 | D:1      | Reached XP level 1. HP: 19/19 MP: 0/0
    94 | D:1      | Reached XP level 2. HP: 22/26 MP: 1/1
   312 | D:1      | Reached XP level 3. HP: 26/31 MP: 2/2
   359 | D:1      | Found a faded altar of an unknown god.
   506 | D:2      | Reached skill level 5 in Maces & Flails
   695 | D:2      | Found a hazy altar of Hepliaklqana.
   759 | D:2      | Reached XP level 4. HP: 36/39 MP: 3/3
   828 | D:2      | Found Kilal's Assorted Antiques.
  1202 | D:3      | Noticed a small abomination
  1203 | D:3      | Found a transporter.
  1274 | D:3      | Found a transporter.
  1291 | D:3      | Found a glowing drain.
  1295 | Sewer    | Entered a sewer
  1334 | Sewer    | Reached XP level 5. HP: 45/45 MP: 4/4
  1509 | Sewer    | Reached XP level 6. HP: 17/51 MP: 5/5
  1594 | D:3      | Found a one-way gate to the infinite horrors of the Abyss.
  1594 | D:3      | Noticed Spectrina's ghost (weakling DjVM)
  1620 | D:3      | Noticed a small abomination
  1797 | D:3      | Found a stormy altar of Qazlal.
  1800 | D:3      | Noticed a water elemental
  1800 | D:3      | Noticed an air elemental
  1800 | D:3      | Noticed a fire elemental
  1861 | D:3      | Found the +7 Throatcutter {drain, coup de grace}
  2196 | D:3      | Found a sparkling altar of Nemelex Xobeh.
  2370 | D:4      | Found a runed translucent gate.
  2370 | D:4      | Found a runed translucent gate.
  2370 | D:4      | Found a runed translucent gate.
  2373 | D:4      | Noticed Setbun's ghost (amateur KoBr)
  2373 | D:4      | Noticed hgbash's ghost (amateur SpVM)
  2389 | D:4      | Noticed Robin
  2404 | D:4      | Killed Robin
  2587 | D:4      | Noticed Blork the orc
  2593 | D:4      | Killed Blork the orc
  2594 | D:4      | Reached XP level 7. HP: 51/57 MP: 6/6
  2612 | D:4      | Found a staircase to the Ecumenical Temple.
  2623 | Temple   | Entered the Ecumenical Temple
  2680 | Temple   | Became a worshipper of Warmaster Okawaru
  2885 | D:5      | Entered Level 5 of the Dungeon
  2911 | D:5      | Noticed a hornet
  2915 | D:5      | Paralysed by a hornet for 2 turns
  2917 | D:5      | Killed a hornet
  2918 | D:5      | Reached skill level 10 in Maces & Flails
  3147 | D:5      | Reached * piety under Okawaru
  3148 | D:5      | Reached XP level 8. HP: 56/64 MP: 7/7
  3529 | D:6      | Found a white marble altar of Elyvilon.
  3659 | D:6      | Reached ** piety under Okawaru
  3670 | D:6      | Reached XP level 9. HP: 55/71 MP: 8/8
  3753 | D:6      | Reached skill level 5 in Armour
  3919 | D:6      | Found a sacrificial altar of Ru.
  3977 | D:6      | Found a shimmering blue altar of Sif Muna.
  4333 | D:7      | Found an opulent altar of Gozag.
  4354 | D:7      | Found Gozag's Platinum Reserve.
  4361 | D:7      | Noticed Maggie
  4486 | D:7      | Reached *** piety under Okawaru
  4487 | D:7      | Reached skill level 5 in Fighting
  4496 | D:7      | Found Ergha's General Store.
  4644 | D:7      | Found a broken altar of Ashenzari.
  4657 | D:7      | Paralysed by a hornet for 1 turns
  4879 | D:7      | Killed Maggie
  5071 | D:8      | Noticed a troll
  5084 | D:8      | Reached XP level 10. HP: 71/83 MP: 9/9
  5097 | D:8      | Reached **** piety under Okawaru
  5157 | D:8      | Found a staircase to the Lair.
  5244 | D:8      | Reached skill level 10 in Armour
  5459 | D:8      | Found a runed translucent gate.
  5460 | D:8      | Found a runed translucent gate.
  5460 | D:8      | Found a runed translucent gate.
  5558 | D:8      | Noticed Underfrisk's ghost (novice NaWn)
  5875 | D:4      | Killed Setbun's ghost
  5876 | D:4      | Killed hgbash's ghost
  6000 | D:3      | Killed Spectrina's ghost
  6478 | D:9      | Got the Folio of the Maze
  6829 | D:9      | Found a staircase to the Orcish Mines.
  6995 | D:10     | Entered Level 10 of the Dungeon
  6999 | D:10     | Noticed Psyche
  7006 | D:10     | Killed Psyche
  7006 | D:10     | Reached ***** piety under Okawaru
  7171 | D:10     | Found a blossoming altar of Fedhas.
  7209 | D:10     | Noticed a centaur warrior
  7220 | D:10     | Killed a centaur warrior
  7221 | D:10     | Reached XP level 11. HP: 51/99 MP: 10/10
  7246 | D:10     | Noticed Josephine
  7386 | D:10     | Killed Josephine
  7387 | D:10     | Reached skill level 10 in Fighting
  7389 | D:10     | Noticed a two-headed ogre
  7446 | D:10     | Killed a two-headed ogre
  7446 | D:10     | Received a gift from Okawaru
  7745 | D:10     | Noticed Newt's ghost (journeyman DsGl)
  7753 | D:10     | Noticed a two-headed ogre
  7757 | D:10     | Found a transporter.
  7767 | D:10     | Noticed an ogre mage
  8019 | D:10     | Found a transporter.
  8198 | D:11     | Noticed a two-headed ogre
  8217 | D:11     | Killed a two-headed ogre
  8338 | D:11     | Noticed a two-headed ogre
  8346 | D:11     | Killed a two-headed ogre
  8466 | D:11     | Noticed an eight-headed hydra
  8475 | D:11     | Killed an eight-headed hydra
  8791 | Lair:1   | Entered Level 1 of the Lair of Beasts
  8964 | Lair:1   | Reached XP level 12. HP: 70/115 MP: 11/11
  9300 | Lair:1   | Received a gift from Okawaru
  9687 | Lair:2   | Found a hole to the Spider Nest.
  9804 | Lair:2   | Reached skill level 15 in Fighting
 10231 | Lair:2   | Received a gift from Okawaru
 10360 | Lair:2   | Reached skill level 15 in Armour
 10726 | Lair:3   | Identified the +7 mace "Miffeph" {chaos, rPois rN++ rCorr
                  | SInv}
 10728 | Lair:3   | Noticed a six-headed hydra
 10736 | Arena    | Entered the Arena
 10740 | Arena    | Killed a six-headed hydra
 10819 | Lair:3   | Identified a scroll of acquirement
 10820 | Lair:3   | Acquired a manual of Shields
 10845 | Lair:3   | Reached skill level 4 in Shields
 11026 | Lair:3   | Found a staircase to the Shoals.
 11039 | Lair:3   | Reached skill level 5 in Shields
 11056 | Lair:3   | Reached skill level 6 in Shields
 11056 | Lair:3   | Reached XP level 13. HP: 92/130 MP: 12/12
 11160 | Lair:3   | Reached skill level 7 in Shields
 11188 | Lair:3   | Reached skill level 8 in Shields
 11286 | Lair:3   | Reached skill level 9 in Shields
 11704 | Lair:4   | Reached ****** piety under Okawaru
 11705 | Lair:4   | Reached skill level 10 in Shields
 11780 | Lair:4   | Reached skill level 11 in Shields
 11805 | Lair:4   | Received a gift from Okawaru
 11810 | Lair:4   | Reached skill level 12 in Shields
 12024 | Lair:4   | Reached skill level 13 in Shields
 12087 | Lair:4   | Reached skill level 14 in Shields
 12326 | Lair:4   | Reached skill level 15 in Shields
 12326 | Lair:4   | Reached skill level 1 in Dodging
 12779 | Lair:5   | Entered Level 5 of the Lair of Beasts
 12807 | Lair:5   | Found a staircase to the Slime Pits.
 12933 | Lair:5   | Received a gift from Okawaru
 12940 | Lair:5   | Reached skill level 5 in Dodging
 12958 | Lair:5   | Identified the +1 robe "Fod Etus" {Dex+5} (Okawaru gifted
                  | it to you on level 5 of the Lair of Beasts)
 12958 | Lair:5   | Received a gift from Okawaru
 13276 | Lair:5   | Reached XP level 14. HP: 94/138 MP: 13/13
 14044 | Lair:5   | Reached skill level 10 in Dodging
 14262 | Lair:5   | Found a viscous altar of Jiyva.
 14426 | D:8      | Killed Underfrisk's ghost
 14619 | D:11     | Received a gift from Okawaru
 15385 | D:11     | Noticed a quicksilver ooze
 15385 | D:11     | a minotaur changed into a quicksilver ooze
 15729 | D:11     | Got Mibek's Compendium of Mutated Graupel
 15734 | D:11     | Identified the ring "Acydull" {Fire Drain Str+3 Dex+3
                  | Stlth+}
 15734 | D:11     | Identified the +5 hand axe "Peimimae" {freeze, *Rage +Blink
                  | Int+6 Stlth-}
 16391 | D:12     | Received a gift from Okawaru
 17723 | D:14     | Found a gate to the Vaults.
 17887 | D:14     | Reached XP level 15. HP: 107/145 MP: 14/14
 18022 | D:14     | Reached skill level 15 in Dodging
 18105 | D:14     | Found a huge runed translucent gate.
 18105 | D:14     | Found a huge runed translucent gate.
 18105 | D:14     | Found a huge runed translucent gate.
 18105 | D:14     | Found a huge runed translucent gate.
 18467 | D:15     | Entered Level 15 of the Dungeon
 18483 | D:14     | Received a gift from Okawaru
 19073 | D:15     | Found a staircase to the Depths.
 19073 | D:15     | Noticed a fire giant
 19269 | D:15     | Killed a fire giant
 19469 | D:15     | Found a hide-covered altar of Uskayaw.
 19480 | D:15     | Reached skill level 16 in Shields
 19694 | Orc:1    | Entered Level 1 of the Orcish Mines
 20003 | Orc:2    | Entered Level 2 of the Orcish Mines
 20420 | Orc:2    | Reached skill level 17 in Shields
 20480 | Orc:2    | Received a gift from Okawaru
 20500 | Orc:2    | Found Taefemie's Armour Shoppe.
 20500 | Orc:2    | Found Okav's Assorted Antiques.
 20771 | Orc:2    | Found Saprey's Antique Armour Shoppe.
 20771 | Orc:2    | Found Huojubicse's Distillery.
 20871 | Orc:2    | Found a staircase to the Elven Halls.
 21177 | Orc:2    | Bought a dazzling morningstar for 270 gold pieces
 21177 | Orc:2    | Identified the +6 morningstar of a bazaar {drain, MP+9
                  | Stlth+} (You bought it in a shop on level 2 of the Orcish
                  | Mines)
 21209 | Orc:2    | Bought a bloodstained scale mail for 369 gold pieces
 21209 | Orc:2    | Identified the +1 scale mail of the Lair of Beasts {Int+6
                  | Stlth-} (You bought it in a shop on level 2 of the Orcish
                  | Mines)
 21342 | Shoals:1 | Entered Level 1 of the Shoals
 21342 | Shoals:1 | Noticed Roxanne
 21470 | Shoals:1 | Killed Roxanne
 21670 | Shoals:1 | Reached skill level 18 in Shields
 21983 | Shoals:1 | You fall into a shaft and drop 1 floor!
 22049 | Shoals:2 | Identified the +1 hat "Piad" {Dex+7} (Okawaru gifted it to
                  | you on level 2 of the Shoals)
 22049 | Shoals:2 | Received a gift from Okawaru
 22064 | Shoals:2 | Reached XP level 16. HP: 104/155 MP: 8/15
 22274 | Shoals:2 | Noticed Louise
 22301 | Shoals:2 | Killed Louise
 22302 | Shoals:2 | Reached skill level 19 in Shields
 22308 | Shoals:2 | Reached skill level 15 in Maces & Flails
 22342 | Shoals:2 | Found Tocvucun's Magic Scroll Shop.
 23403 | Shoals:3 | Reached skill level 20 in Shields
 23416 | Shoals:3 | Noticed a kraken
 23567 | Shoals:3 | Killed a kraken
 23830 | Shoals:3 | Noticed a kraken
 23960 | Shoals:3 | Received a gift from Okawaru
 23998 | Shoals:3 | Noticed Ilsuiw
 24075 | Shoals:3 | Killed Ilsuiw
 24291 | Shoals:3 | Killed a kraken
 24307 | Shoals:3 | Found a runed translucent gate.
 24308 | Shoals:3 | Found a runed translucent gate.
 24309 | Shoals:3 | Found a runed translucent gate.
 24310 | Shoals:3 | Noticed Heluore's ghost (adept DsGl)
 24389 | Shoals:3 | Reached skill level 21 in Shields
 24700 | Shoals:3 | HP: 8/235 [water elemental[a merfolk aquamancer] (11)]
 25081 | Shoals:3 | Lost intelligence.
 25095 | Shoals:3 | HP: 6/157 [merfolk siren/+0 trident (5)]
 25097 | Shoals:3 | Noticed an Ice Fiend
 25097 | Shoals:3 | HP: 1/157 [Heluore's ghost (3)]
 25098 | Shoals:3 | Paralysed by a Zot trap for 3 turns
 25099 | Shoals:3 | Slain by an Ice Fiend

Illustrated notes

Levels and vault maps discovered:
D:1:      wander_arrival_desolate, layout_rooms,
          shapermc_ecumenical_altar_pompeii, minivault_4
D:2:      layout_loops_ring, basic_altar, serial_shops, nicolae_shop_waterfront
D:3:      layout_loops_ring, nemelex_diamond_rough_becter,
          nicolae_qazlal_style_of_elements, gammafunk_ghost_abyssal_escape,
          gup_sewer_entry_bowl, minmay_diced_spiral
D:4:      layout_cave_pools, minmay_temple_entry_ruins,
          gammafunk_ghost_cemetery, chequers_serial_rivers_room_a, uniq_robin,
          uniq_blork_the_orc
D:5:      layout_rooms
D:6:      layout_basic, elyvilon_altar_3, hangedman_feature_mirror
D:7:      layout_basic, nicolae_gozag_zags_fifth_avenue,
          cheibrodos_ashenzari_chains, serial_shops, nicolae_shop_trees,
          uniq_maggie
D:8:      layout_loops_ring, erik_lair_island, ebering_ghost_rock_garden
D:9:      minmay_weird_star, layout_irregular_city, orc_0_dummy
D:10:     layout_gridville, mainiacjoe_overflow_alcove_1, serial_ice,
          serial_ice_e, serial_ice_a, serial_ice_d, serial_ice_m, serial_ice_b,
          nzn_ghost_randoct, uniq_josephine, uniq_psyche
D:11:     minmay_the_grid_triangle_9x9_rhombus_thin_mashed
          [minmay_the_grid_triangle_9x9_minimal,
          minmay_the_grid_triangle_9x9_prize_top_heavy,
          minmay_the_grid_triangle_9x9_checkered,
          minmay_the_grid_triangle_9x9_wacky_v], layout_rooms,
          portal_ice_cave_entry_imps, serial_bayou_lake_a
D:12:     layout_stronghold
D:13:     layout_basic
D:14:     lemuel_bear_cage, layout_small_grid,
          lightli_vaults_fourway_checkpoint, chequers_serial_rivers_micro_d,
          drop_trap
D:15:     grunt_enter_depths_giant_problem, layout_loops_cross,
          nicolae_uskayaw_suspiria
Temple:   kb_temple_of_zot
Lair:1:   layout_gridlike
Lair:2:   layout_cave_pods, spider_nest_entry_a, dreamdust_mushroom_princess,
          chequers_serial_rivers_small_3
Lair:3:   layout_chaotic_city, elwin_shoals_entry_stream, serial_bayou_shore_b,
          serial_bayou_shore_b
Lair:4:   layout_small_grid, chequers_serial_rivers_room_b,
          grunt_forest_stairs_clearing, grunt_megastairs_5,
          infiniplex_staircase_pool_2
Lair:5:   minmay_lair_end_frog_pond, layout_layer_cave, slime_entry_1,
          serial_forest, infiniplex_forest_clump_large, infiniplex_forest_split,
          infiniplex_forest_clump_long, infiniplex_forest_clump_small,
          infiniplex_forest_side_room, infiniplex_forest_lined_room_,
          nicolae_quartered_pool_medium
Shoals:1: cheibrodos_shoals_satyrical_garden, layout_shoals, uniq_roxanne
Shoals:2: layout_shoals, serial_shops, shop, uniq_louise
Shoals:3: layout_shoals, gammafunk_ghost_tricky_traps, uniq_ilsuiw
Orc:1:    layout_caves, serial_shops, shop, mines2_lemuel
Orc:2:    st_orc_town, layout_diamond_mine

Skill      XL: |  1  2  3  4  5  6  7  8  9 10 11 12 13 14 15 16 |
---------------+-------------------------------------------------+-----
Maces & Flails | 3 4 5 6 7 9 11 14 15 | 15.4
Armour         | 4 9 12 14 15 | 15.4
Fighting       | 6 9 13 16 17 18 | 18.0
Shields        | 6 15 18 21 | 21.4
Dodging        | 8 14 16 | 16.7

Action                   |  1- 3 |  4- 6 |  7- 9 | 10-12 | 13-15 | 16-18 || total
-------------------------+-------+-------+-------+-------+-------+-------++-------
Melee: Flail             |    68 |   187 |   139 |   508 |   387 |       ||  1289
       Headbutt          |     7 |    28 |    26 |    97 |   343 |    98 ||   599
       Mace              |       |       |       |       |  1030 |   466 ||  1496
Throw: Throwing net      |       |       |       |     1 |     1 |       ||     2
Invok: Heroism           |       |       |       |     5 |     7 |     1 ||    13
       Finesse           |       |       |       |     2 |     3 |     1 ||     6
       Duel              |       |       |       |     1 |       |       ||     1
  Use: Scroll            |       |     7 |     5 |    10 |    13 |     1 ||    36
       Potion            |       |       |       |       |     3 |     7 ||    10
 Stab: Distracted        |       |       |     3 |     3 |     6 |       ||    12
       Invisible         |       |       |       |       |     3 |     5 ||     8
       Petrifying        |       |       |       |       |     5 |     2 ||     7
       Confused          |       |       |       |       |     3 |     5 ||     8
       Held in net/web   |       |       |       |       |     2 |       ||     2
       Paralysed         |       |       |       |       |     1 |       ||     1
Armor: Scale mail        |    30 |    99 |     7 |       |       |       ||   136
       Plate armour      |       |       |    65 |       |       |       ||    65
       Swamp dragon scal |       |       |     2 |   275 |   559 |   194 ||  1030
Dodge: Dodged            |    27 |   103 |    31 |   192 |   671 |   236 ||  1260
Block: Buckler           |    16 |    37 |    20 |    85 |   112 |       ||   270
       Kite shield       |       |       |       |       |   690 |    33 ||   723
       Tower shield      |       |       |       |       |       |   459 ||   459

Table legend: (Time is in decaauts)
 A = Elapsed time spent in this place.
 B = Non-inter-level travel time spent in this place.
 C = Inter-level travel time spent in this place.
 D = Time resting spent in this place.
 E = Time spent auto-exploring this place.
 F = Levels seen in this place.
 G = Mean time per level.
                   A        B        C        D        E       F      G
               +--------+--------+--------+--------+--------+-----+--------+
         Total |  24968 |  22867 |   2101 |   3117 |  14008 |  28 |  891.7 |
       Dungeon |  13711 |  12154 |   1557 |   1350 |   8058 |  15 |  914.1 |
        Temple |     77 |     49 |     28 |      0 |     41 |   1 |   77.0 |
          Lair |   5581 |   5199 |    382 |    585 |   3490 |   5 | 1116.2 |
        Shoals |   3775 |   3739 |     36 |   1023 |   1509 |   3 | 1258.3 |
  Orcish Mines |   1466 |   1368 |     98 |    147 |    782 |   2 |  733.0 |
         Sewer |    338 |    338 |      0 |      0 |    126 |   1 |  338.0 |
         Arena |     17 |     17 |      0 |     12 |      0 |   1 |   17.0 |
               +--------+--------+--------+--------+--------+-----+--------+

Top non-repeatable levels by time:
Shoals:3: 1654 daAuts
    D:10: 1465 daAuts
  Lair:5: 1345 daAuts
  Lair:3: 1257 daAuts
    D:11: 1243 daAuts
     D:9: 1179 daAuts
  Lair:4: 1165 daAuts
   Orc:2: 1163 daAuts
    D:12: 1135 daAuts
     D:3: 1125 daAuts
Shoals:2: 1096 daAuts
Shoals:1: 1024 daAuts
  Lair:2: 1016 daAuts
    D:15: 967 daAuts
    D:14: 967 daAuts
